 Dungeon Crawl Stone Soup version 0.16-a0-2611-g6d04fdd (webtiles) character file.

123 Hedron the Archer (level 4, -2/36 HPs)
             Began as a Centaur Hunter on Nov 22, 2014.
             Slain by Duvessa
             ... wielding a +0 short sword
              (6 damage)
             ... on level 4 of the Dungeon.
             The game lasted 00:14:53 (5134 turns).

Hedron the Archer (Centaur Hunter)                  Turns: 5134, Time: 00:14:54

Health: -2/36      AC:  5    Str: 19    XL:     4   Next: 79%
Magic:  3/3        EV:  9    Int: 10    God:
Gold:   189        SH:  0    Dex: 11    Spells: 0 memorised, 3 levels left

rFire  . . .     SeeInvis .     b - +1 shortbow
rCold  . . .     Clarity  .     d - +1 leather armour
rNeg   + . .     SustAb   .     (no shield)
rPois  .         Gourm    .     (no helmet)
rElec  .         Spirit   .     (no cloak)
rCorr  .         Warding  +     (no gloves)
rMut   .         Stasis   .     (no barding)
MR     .....                    k - amulet of warding
Stlth  ..........               (no ring)
                                (no ring)

@: confused, mighty, very quick, not resistant to hostile enchantments,
extremely unstealthy
A: hooves 3, deformed body, speed 2, tough skin 3
a: no special abilities


You were on level 4 of the Dungeon.
You were not hungry.

You visited 1 branch of the dungeon, and saw 4 of its levels.

You collected 189 gold pieces.

Inventory:

Hand weapons
 a - a +0 spear
 b - a +1 shortbow (weapon)
Missiles
 c - 15 arrows (quivered)
Armour
 d - a +1 leather armour (worn)
Jewellery
 k - an amulet of warding (around neck)
Scrolls
 j - a scroll of remove curse
 l - a scroll of fog
Potions
 e - 2 potions of flight
 m - a potion of heal wounds
 o - a potion of haste {unknown}
Comestibles
 f - 2 bread rations
 g - 2 chunks of flesh
 h - 2 meat rations


   Skills:
 - Level 2.0 Fighting
 + Level 8.2 Bows
 - Level 1.3 Dodging
 - Level 0.5 Stealth


You had 3 spell levels left.
You didn't know any spells.

Dungeon Overview and Level Annotations

Branches:
Dungeon (4/15)
 Temple: D:4-7

Altars:
Dithmenos

Annotations:
D:4 Dowan, Duvessa


Innate Abilities, Weirdness & Mutations

You have hooves in place of feet.
Armour fits poorly on your strangely shaped body.
You cover ground very quickly.
You have extremely tough skin (AC +3).


Message History

Duvessa barely misses you.
Duvessa zaps a wand.
You resist with some effort. Dowan hits you but does no damage.
You bump into the rock wall.
You bump into the rock wall.
Duvessa zaps a wand.
You resist with some effort. Duvessa hits you with a short sword.
Duvessa zaps a wand.
You resist with some effort.
Duvessa zaps a wand.
You resist with some effort. Duvessa hits you with a short sword!
Dowan says, "Where the sword fails, magic succeeds!"
Dowan hits you but does no damage.
Duvessa says, "Where magic fails, the sword succeeds!"
You bump into the rock wall.
Dowan barely misses you.
Duvessa zaps a wand.
You resist with some effort.
You bump into the closed door.
Duvessa closely misses you. Dowan gestures at you while chanting.
The puff of frost hits you!
* * * LOW HITPOINT WARNING * * *
Duvessa hits you with a short sword.
You die...

##......... ........... ###+###
...(........ .#+#.....#
..#'#####+# .........#
..'.(...(.+ ........+ #.#######
>......##
###'#############+#......#
..(......((....e..+......#
.(...(.........e@.#......+
###.##########.##+#.....<#+###+##
###.####### #.#....###..).......
....#.....+ ...+....#.#..........
....'.....#....#....'.+..........
'###########.###....###..........
...#########.#####....##+#####...
...#..+..........#....'..+ ...
...+..#..........'....#..###+#...


You could see Duvessa and Dowan.

Vanquished Creatures
  3 adders
  A shadow imp (D:3)
  3 worms
  2 giant geckos
  4 orcs (D:3)
  6 bats
  2 giant cockroaches
  7 goblins
  10 hobgoblins
  3 jackals (D:1)
  A quokka (D:2)
  3 giant newts
  10 kobolds
  6 rats
  4 fungi (D:1)
65 creatures vanquished.

Notes
Turn   | Place    | Note
--------------------------------------------------------------
     0 | D:1      | Hedron, the Centaur Hunter, began the quest for the Orb.
     0 | D:1      | Reached XP level 1. HP: 17/17 MP: 1/1
   751 | D:1      | Reached XP level 2. HP: 19/24 MP: 2/2
   754 | D:1      | Reached skill level 6 in Bows
  1768 | D:1      | Reached XP level 3. HP: 22/29 MP: 3/3
  2556 | D:2      | Reached skill level 7 in Bows
  3303 | D:2      | Found a shadowy altar of Dithmenos.
  3718 | D:2      | Reached XP level 4. HP: 26/36 MP: 3/3
  4818 | D:3      | Reached skill level 8 in Bows
  5086 | D:4      | Noticed Duvessa
  5086 | D:4      | Noticed Dowan
  5134 | D:4      | Slain by Duvessa

Action                   |  1- 3 |  4- 6 || total
-------------------------+-------+-------++-------
Melee: Short sword       |    45 |       ||    45
       Spear             |   234 |    72 ||   306
 Fire: Shortbow          |     7 |    23 ||    30
  Use: Scroll            |     2 |     8 ||    10
       Potion            |     2 |     1 ||     3
  Eat: Chunk             |     5 |     2 ||     7
       Bread ration      |     1 |       ||     1
